 Dungeon Crawl Stone Soup version 0.24.0-13-gcf9b319 (webtiles) character file.

Game seed: 6311847211453515742, levelgen mode: deterministic

617 Fortress the Archer (level 7, -3/54 HPs)
             Began as a Centaur Hunter on Jan 3, 2020.
             Was an Initiate of Hepliaklqana.
             Killed from afar by an electric eel (4 damage)
             ... with a bolt of electricity
             ... on level 6 of the Dungeon.
             The game lasted 00:39:38 (5830 turns).

Fortress the Archer (Centaur Hunter)                Turns: 5830, Time: 00:39:38

Health: -3/54      AC:  8    Str: 20    XL:     7   Next: 21%
Magic:  7/7        EV:  5    Int: 10    God:    Hepliaklqana [......]
Gold:   249        SH:  0    Dex:  9    Spells: 6/6 levels left

rFire    . . .     SeeInvis .   a - +1 shortbow
rCold    . . .     Gourm    .   (shield currently unavailable)
rNeg     . . .     Faith    .   H - +0 chain mail
rPois    .         Spirit   .   (no helmet)
rElec    .         Reflect  .   I - scarf {repulsion}
rCorr    .         Harm     .   G - +0 pair of gloves
MR       .....                  (no barding)
Stlth    ..........             (no amulet)
HPRegen  0.18/turn              A - +3 ring of strength
MPRegen  0.10/turn              (no ring)

@: repel missiles, very quick
A: large, reduced essence, hooves 3, deformed body, speed 2, tough skin 3
a: Recall Ancestor, Ancestor Identity, Renounce Religion


You were on level 6 of the Dungeon.
You worshipped Hepliaklqana.
Hepliaklqana was noncommittal.
You were not hungry.

You visited 2 branches of the dungeon, and saw 7 of its levels.
You also visited: Sewer.

You collected 249 gold pieces.

Inventory:

Hand Weapons
 a - a +1 shortbow (weapon)
 b - a +0 short sword
 c - a +1 flail of pain
 p - a +0 spear
 q - a +0 hunting sling
 v - a +2 dagger of draining
 D - a +1 war axe of freezing
Missiles
 d - 83 arrows (quivered)
 m - 6 silver boomerangs
 n - 28 bolts
 s - 32 poisoned darts
 x - 18 sling bullets
 B - 8 datura-tipped darts
Armour
 G - a +0 pair of gloves (worn)
 H - a +0 chain mail (worn)
 I - a scarf of repulsion (worn)
Magical Staves
 F - an uncursed staff of air {unknown}
Jewellery
 A - a +3 ring of strength (left hand)
Scrolls
 e - a scroll of remove curse
 g - a scroll of magic mapping
 h - 2 scrolls of amnesia {unknown}
 i - 2 scrolls of immolation
 k - a scroll of fear {unknown}
 l - 3 scrolls of identify
 o - a scroll of blinking {unknown}
 t - a scroll of enchant weapon {unknown}
 u - a scroll of enchant armour {unknown}
 y - 2 scrolls of teleportation {unknown}
 C - a scroll of random uselessness {unknown}
 E - 2 scrolls of fog {unknown}
Potions
 j - a potion of might {unknown}
 r - 5 potions of curing {unknown}
 w - a potion of degeneration {unknown}
 z - a potion of brilliance
 K - 2 potions of heal wounds {unknown}
Comestibles
 f - 10 rations


   Skills:
 * Level 4.6 Fighting
 + Level 0.7 Maces & Flails
 + Level 9.7 Bows
 + Level 1.9 Dodging
 - Level 0.4 Stealth


You had 6 spell levels left.
You didn't know any spells.
Your spell library was empty.

Dungeon Overview and Level Annotations

Branches:
Dungeon (6/15)             Temple (1/1) D:6           Sewer (visited)

Altars:
Ashenzari
Cheibriados
Dithmenos
Elyvilon
Fedhas
Gozag
Hepliaklqana
Kikubaaqudgha
Makhleb
Nemelex Xobeh
Okawaru
Qazlal
Ru
Sif Muna
Trog
Uskayaw
Vehumet
Wu Jian
Xom
Yredelemnul
The Shining One


Innate Abilities, Weirdness & Mutations

You have hooves in place of feet.
Armour fits poorly on your strangely shaped body.
You cover ground very quickly.
You have extremely tough skin. (AC +3)
Your life essence is reduced to manifest your ancestor. (-10% HP)


Message History

Inhapi hits the electric eel but does no damage.
The hound splashes around in the water.
The orc wizard gestures wildly while chanting.
The orc wizard flickers and vanishes!
Deactivating autopickup; reactivate with Ctrl-A.
The electric eel shoots out a bolt of lightning at you!
The bolt of electricity hits you!
* * * LOW HITPOINT WARNING * * *
The bolt of electricity hits you!
* * * LOW HITPOINT WARNING * * *
The bolt of electricity hits the electric eel.
The electric eel completely resists.
The hound bites the plant but does no damage.
Inhapi closely misses the electric eel.
The orc wizard mumbles some strange words.
The orc wizard flickers and vanishes!
The hound splashes around in the water.
The electric eel shoots out a bolt of lightning at you!
The bolt of electricity hits you.
You die...

#......#.# ###+###
#.#.<#...###.....# ≈#
#...[............## ≈≈#
#.>.>.[...........##≈≈#
#.#########.......#≈≈≈#
#.................#≈≈≈#
################.≈≈≈≈≈#.
#########...P≈≈P.
.......@...≈P≈≈P.
#######.....≈≈≈≈.
#.#o.;≈≈≈≈. #.#.{R≈≈≈≈.
#.#..≈≈≈(..
####+#..P≈≈(..
#.......P≈≈P..
#.......P≈h≈..
#......P≈≈≈...


You could see the friendly Inhapi the ancestor, a hound, an electric eel and an
orc.

Vanquished Creatures
  2 sky beasts (D:5)
  2 crimson imps (D:5)
  An orc priest (D:6)
  A hound (D:4)
  An orc wizard (D:3)
  2 worker ants (D:4)
  A river rat (D:5)
  7 adders
  2 oozes
  3 adder skeletons (D:4)
  5 worms
  3 dart slugs
  6 leopard geckos
  12 orcs
  4 ball pythons (Sewer)
  7 bats
  8 giant cockroaches
  7 goblins
  8 hobgoblins
  9 jackals
  4 quokkas
  8 frilled lizards
  5 kobolds
  A quokka zombie (D:5)
  7 rats
116 creatures vanquished.

Vanquished Creatures (others)
  A frilled lizard (D:4)
  A plant (Sewer)
2 creatures vanquished.

Grand Total: 118 creatures vanquished

Notes
Turn   | Place    | Note
-------+----------+-------------------------------------------
     0 | D:1      | Fortress the Centaur Hunter began the quest for the Orb.
     0 | D:1      | Reached XP level 1. HP: 17/17 MP: 1/1
   105 | D:1      | Reached XP level 2. HP: 20/24 MP: 2/2
   261 | D:1      | Reached skill level 6 in Bows
   532 | D:1      | Reached XP level 3. HP: 30/30 MP: 3/3
  1136 | D:2      | Reached XP level 4. HP: 37/37 MP: 4/4
  1649 | D:3      | Reached skill level 7 in Bows
  2004 | D:3      | Reached XP level 5. HP: 45/45 MP: 5/5
  2533 | D:4      | Found a white marble altar of Elyvilon.
  2655 | D:4      | Reached skill level 8 in Bows
  2658 | D:4      | Found an iron altar of Okawaru.
  2902 | D:4      | Found a shimmering altar of Xom.
  3163 | D:5      | Entered Level 5 of the Dungeon
  3184 | D:5      | Noticed a sky beast
  3290 | D:5      | Noticed a sky beast
  3318 | D:5      | Killed a sky beast
  3318 | D:5      | Reached XP level 6. HP: 22/52 MP: 6/6
  3625 | D:5      | Found a hide-covered altar of Uskayaw.
  3627 | D:5      | Found a blossoming altar of Fedhas.
  3675 | D:5      | Killed a sky beast
  3675 | D:5      | Reached skill level 9 in Bows
  3843 | D:5      | Found a glowing drain.
  3853 | Sewer    | Entered a sewer
  3870 | Sewer    | Reached XP level 7. HP: 43/60 MP: 7/7
  5364 | D:6      | Found a staircase to the Ecumenical Temple.
  5375 | Temple   | Entered the Ecumenical Temple
  5697 | Temple   | Became a worshipper of Hepliaklqana the Forgotten
  5828 | D:6      | HP: 1/54 [electric eel/bolt of electricity (10)]
  5830 | D:6      | Killed from afar by an electric eel

Levels and vault maps discovered:
D:1:      eino_arrival_water_cross, layout_rooms, serial_glass, glass_columns_a,
          glass_columns_b, minmay_tiny_reverse_x
D:2:      layout_basic, first_ration, grunt_decor_cap, minmay_between
D:3:      layout_rooms, minmay_misc_feat_diagonals
D:4:      layout_cave_pools, elyvilon_altar_4, xom_teletrap_fun,
          okawaru_gym_becter
D:5:      layout_basic, grunt_temple_overflow_open, gup_sewer_entry_bubbles,
          grunt_decor_one_mirror
D:6:      layout_basic, minmay_temple_entry_proselytizer, grunt_decor_fettered,
          chequers_big_river
Temple:   minmay_temple_bridge_d

Skill      XL: |  1  2  3  4  5  6 |
---------------+-------------------+-----
Bows           | 6 7 8 9 |  9.7
Fighting       | 3 4 |  4.6
Maces & Flails | |  0.7
Dodging        | |  1.9
Stealth        | |  0.4

Action                   |  1- 3 |  4- 6 |  7- 9 || total
-------------------------+-------+-------+-------++-------
Melee: Short sword       |     9 |    87 |     5 ||   101
       Kick              |     1 |    19 |     3 ||    23
       Flail             |       |    20 |       ||    20
       Shortbow          |       |     1 |       ||     1
 Fire: Shortbow          |    99 |   143 |    59 ||   301
Throw: Boomerang         |       |    25 |       ||    25
Invok: Ancestor Identity |       |       |     1 ||     1
  Use: Scroll            |       |     5 |       ||     5
       Potion            |       |     3 |       ||     3
  Eat: Chunk             |       |     3 |     3 ||     6
       Ration            |       |     1 |     1 ||     2
Armor: Leather armour    |    12 |       |       ||    12
       Ring mail         |     2 |    17 |       ||    19
       Chain mail        |       |    55 |    12 ||    67
       Skin              |       |    19 |       ||    19
Dodge: Dodged            |    33 |    51 |     1 ||    85
